Map: Golden Wall LE

Players

Reynor

  • Race: Zerg Zerg
  • Spawn Location: 5:00

INnoVation - Winner!

  • Race: Terran Terran
  • Spawn Location: 7:00

Event: StayAtHomestory Cup #1

VOD

Have the link to the VOD?

Description

Time

  • Played on: April 11, 2020, 7:32 a.m.
  • Length: 8:22

All games in this series

Show
View Real Time Build Order
Export as new Build Order

Reynor Zerg 

Build Orders: Hatch First 

Get SALT Encoding   

  12  0:00  Drone  
  13  0:12  Overlord  
  13  0:17  Drone  
  14  0:30  Drone  
  14  0:31  Drone  
  16  0:49  Hatchery  
  15  0:52  Drone  
  15  0:55  Drone  
  17  0:58  Drone  
  18  1:09  Extractor  
  17  1:14  Spawning Pool  
  16  1:18  Drone  
  16  1:21  Drone  
  18  1:28  Drone  
  19  1:39  Drone  
  20  2:01  Zergling x6  
  20  2:02  Queen  
  25  2:12  Zergling x4  
  26  2:22  Zergling x2  
  27  2:29  Zergling x2  
  28  2:36  Zergling x2, Extractor  
  29  2:48  Zergling x4  
  24  2:52  Zergling x2  
  23  3:01  Zergling x2  
  24  3:08  Zergling x4  
  26  3:17  Zergling x4  
  25  3:22  Zergling x2  
  24  3:30  Metabolic Boost  
  24  3:32  Zergling x2  
  22  3:36  Zergling x2  
  22  3:40  Zergling x2  
  24  3:51  Queen  
  26  3:56  Drone  
  26  3:59  Drone  
  28  4:07  Overlord  
  27  4:26  Drone x5  
  27  4:30  Drone  
  33  4:39  Drone x2  
  35  4:48  Drone  
  36  4:54  Lair  
  36  4:59  Overlord  
  36  5:06  Extractor, Drone  
  36  5:17  Drone x5  
  41  5:21  Queen  
  41  5:27  Overlord  
  43  5:30  Drone  
  44  5:39  Overlord  
  43  5:52  Zergling x4  
  43  5:53  Zergling x2, Spine Crawler  
  43  5:55  Drone x2  
  43  5:56  Drone  
  48  6:06  Spire  
  48  6:07  Drone  
  48  6:10  Drone  
  50  6:12  Extractor, Drone  
  50  6:14  Extractor, Drone  
  50  6:15  Drone  
  51  6:19  Drone  
  51  6:25  Drone, Overlord  
  53  6:27  Drone  
  53  6:29  Drone  
  53  6:30  Drone  
  56  6:38  Drone  
  57  6:40  Drone  
  57  6:41  Overseer  
  57  6:43  Overlord  
  57  6:44  Drone x2  
  60  6:52  Drone x2  
  62  7:00  Hatchery  
  61  7:18  Mutalisk x5  
  61  7:20  Mutalisk  
  73  7:23  Overlord  
  73  7:34  Overlord  
  73  7:43  Mutalisk x2  
  75  7:48  Mutalisk  
  75  7:54  Spore Crawler  
  74  8:04  Overlord  
Show
View Real Time Build Order
Export as new Build Order

INnoVation Terran - Winner!

Build Orders:  

Get SALT Encoding   

  12  0:00  SCV  
  13  0:16  Supply Depot  
  13  0:18  SCV  
  14  0:38  Barracks  
  14  0:47  Barracks  
  14  0:52  SCV  
  15  0:59  Refinery  
  15  1:04  SCV  
  16  1:16  SCV  
  17  1:25  Marine  
  18  1:28  Orbital Command  
  18  1:34  Marine  
  18  1:36  Supply Depot  
  19  1:43  Marine  
  20  1:48  Bunker  
  20  1:54  Marine  
  20  2:00  Marine  
  22  2:11  Marine  
  22  2:12  SCV  
  23  2:18  Marine  
  24  2:24  SCV, Bunker  
  24  2:29  Marine  
  26  2:33  Factory  
  26  2:36  SCV, Marine  
  28  2:43  Supply Depot  
  28  2:49  Marine  
  28  2:50  SCV  
  29  2:54  Marine  
  29  3:02  SCV  
  30  3:07  Marine  
  30  3:12  Marine  
  32  3:16  SCV  
  29  3:29  SCV  
  31  3:41  SCV  
  29  3:42  Command Center  
  29  3:45  Refinery  
  29  3:53  SCV  
  30  4:05  SCV  
  31  4:11  Command Center  
  30  4:17  SCV  
  30  4:19  Factory Reactor  
  30  4:20  Starport  
  31  4:29  SCV  
  31  4:31  Supply Depot  
  32  4:41  SCV  
  33  4:49  Starport  
  33  4:53  SCV  
  33  4:59  Orbital Command  
  34  5:00  Fusion Core  
  34  5:05  SCV  
  37  5:07  Hellion  
  37  5:11  Hellion  
  39  5:18  Starport Tech Lab  
  39  5:19  SCV  
  40  5:21  Orbital Command  
  40  5:27  Orbital Command  
  40  5:30  Starport Tech Lab  
  40  5:35  SCV  
  40  5:40  Refinery x2  
  41  5:47  SCV  
  41  5:48  SCV  
  43  5:59  Battlecruiser  
  49  6:04  SCV x2  
  49  6:05  SCV  
  52  6:16  SCV x2  
  52  6:17  SCV  
  55  6:24  Battlecruiser  
  61  6:28  SCV x2  
  61  6:30  Supply Depot  
  63  6:38  Weapon Refit  
  63  6:39  Supply Depot  
  63  6:40  SCV x2  
  63  6:45  Hellion x2  
  69  6:52  SCV  
  69  6:53  SCV  
  71  6:55  Orbital Command  
  71  6:56  Supply Depot  
  71  7:04  SCV  
  71  7:05  SCV  
  71  7:07  Hellion x2  
  77  7:11  Battlecruiser  
  83  7:17  SCV x2  
  83  7:20  Supply Depot  
  83  7:22  SCV  
  86  7:28  Supply Depot  
  86  7:33  SCV x2  
  86  7:34  SCV  
  89  7:38  Refinery  
  89  7:39  Refinery  
  95  7:45  SCV  
  95  7:47  Engineering Bay  
  95  7:49  SCV x2  
  98  7:56  Supply Depot  
  98  7:57  SCV  
  99  8:02  SCV x2  
  101  8:09  SCV  
Tags
 
Add a new tag
Caveats
  • Supply blocks, unpowered buildings, or Contaminate may cause inaccurate times.
  • Supply counts are checked every 10 seconds.